Description

Stargate macro PvT build order by MindelVK, with an emphasis on the phoenixes.

VOD

https://www.youtube.com/watch?v=0rH9yT5sCVM&t=762s

Build Order

Get SALT Encoding   

  14  0:18  Pylon  
  15  0:36  Gateway  
  16  0:46  Assimilator  
  20  1:24  Nexus  
  20  1:32  Cybernetics Core  
  21  1:43  Assimilator  
  21  1:52  Pylon  
  23  2:08  Adept (Chrono Boost)  
  26  2:22  Stargate  
  28  2:31  Adept  
  28  2:35  Warp Gate  
  33  2:55  Pylon  
  35  3:01  Adept  
  39  3:06  Phoenix (Chrono Boost)  
  41  3:16  Assimilator  
  41  3:18  Assimilator  
  43  3:23  Phoenix (Chrono Boost)  
  45  3:27  Shield Battery  
  47  3:38  Robotics Facility  
  47  3:45  Gateway  
  49  3:53  Phoenix  
  51  4:02  Pylon  
  54  4:18  Pylon  
  56  4:26  Nexus  
  56  4:29  Observer  
  57  4:32  Phoenix  
  61  4:42  Twilight Council  
  61  4:46  Robotics Bay  
  61  4:55  Immortal (Chrono Boost)  
  67  5:07  Forge  
  67  5:09  Pylon  
  69  5:21  Charge  
  71  5:30  Pylon  
  71  5:32  Colossus (Chrono Boost)  
  77  5:36  Extended Thermal Lance  
  77  5:39  Protoss Ground Armor Level 1 (Chrono Boost)  
  85  5:57  Gateway x3  
  85  6:09  Sentry  
  85  6:10  Zealot  
  85  6:11  Colossus (Chrono Boost)  
  89  6:18  Pylon x2  
  98  6:25  Gateway  
  98  6:30  Assimilator x2  
  100  6:37  Zealot x2  
  104  6:45  Forge  
  109  6:56  Zealot, Stalker x2  
  109  7:00  Observer (Chrono Boost)  
  116  7:01  Pylon x3  
  116  7:14  Observer  
  117  7:17  Nexus  
  117  7:18  Pylon  
  117  7:21  Zealot x5  
Spawning Tool Build Advisor. Get it on Overwolf

Go to:

Details

  • Created by: nNepTravoved
  • Published on: Apr 09, 2024
  • Modified on: Apr 09, 2024
  • Patch: 5.0.11
  • Difficulty: Medium
Show
View Real Time Build Order
Export as new Build Order

Comments (0)

There are no comments. Be the first!

Create an account to comment!